 Dungeon Crawl Stone Soup version 0.29-a0-323-g050149af67 (webtiles) character file.

Game seed: 5886864594946093566

189 zishaf the Shooter (level 5, 0/45 HPs)
             Began as a Ghoul Hunter on Apr 11, 2022.
             Slain by a gnoll shaman
             ... wielding a +0 club
              (4 damage)
             ... on level 3 of the Dungeon.
             The game lasted 00:04:06 (2545 turns).

zishaf the Shooter (Ghoul Hunter)                   Turns: 2545, Time: 00:04:07

Health: 0/45       AC:  6    Str: 15    XL:     5   Next: 68%
Magic:  4/4        EV: 11    Int:  4    God:
Gold:   146        SH:  0    Dex: 14    Spells: 4/4 levels left

rFire   . . .      SeeInvis .   w - +2 dagger (venom)
rCold   + . .      Faith    .   (no shield)
rNeg    + + +      Spirit   .   g - +0 ring mail
rPois   ∞          Reflect  .   m - +0 helmet
rElec   .          Harm     .   (no cloak)
rCorr   .          Rampage  .   (no gloves)
Will    .....                   (no boots)
Stlth   +.........              (no amulet)
HPRegen 0.00/turn               (no ring)
MPRegen 0.09/turn               (no ring)

@: lit by a corona, inhibited regen, glowing
A: claws 1, cold resistance 1, negative energy resistance 3, inhibited
regeneration, torment resistance 2, devour on kill
a: no special abilities


You were on level 3 of the Dungeon.
You visited 1 branch of the dungeon, and saw 3 of its levels.

You collected 146 gold pieces.

Inventory:

Hand Weapons
 a - a +1 shortbow
 b - a +2 short sword of protection
 w - a +2 dagger of venom (weapon)
Armour
 g - a +0 ring mail (worn)
 m - a +0 helmet (worn)
Scrolls
 c - a scroll of immolation
 f - a scroll of teleportation {unknown}
 h - 2 scrolls of fog {unknown}
 j - a scroll of identify {unknown}
 k - a scroll of magic mapping {unknown}
 o - a scroll of enchant weapon {unknown}
Potions
 d - 3 potions of curing
 e - a potion of cancellation {unknown}
 i - a potion of might {unknown}
 l - a potion of heal wounds
 n - a potion of mutation {unknown}


   Skills:
 + Level 3.6 Fighting
 * Level 5.0 Bows
 + Level 1.9 Armour
 - Level 2.0 Dodging
 - Level 1.1 Stealth


You had 4 spell levels left.
You didn't know any spells.
Your spell library contained the following spells:

 Spells                   Type           Power      Damage    Failure   Level
 Animate Skeleton         Necr           0%         N/A       73%         1
 Magic Dart               Conj           0%         1d3       73%         1
 Pain                     Necr           0%         1d4       73%         1
 Call Imp                 Summ           0%         N/A       86%         2
 Ignite Poison            Fire/Tmut/Pois 0%         N/A       97%         3
 Mephitic Cloud           Conj/Pois/Air  0%         N/A       97%         3
 Vampiric Draining        Necr           0%         2d6       97%         3
 Freezing Cloud           Conj/Ice/Air   0%         6-21      100%        5


Dungeon Overview and Level Annotations

Branches:
Dungeon (3/15)

Altars:


Innate Abilities, Weirdness & Mutations

You are immune to poison.
You have sharp fingernails.
Your flesh is cold resistant. (rC+)
You are immune to negative energy. (rN+++)
You do not regenerate when monsters are visible.
You are immune to unholy pain and torment.
You thrive by killing the living.


Message History

The gnoll shaman hits you with a +0 club.
You hit the gnoll.
The gnoll is moderately wounded.
The gnoll hits you but does no damage. The gnoll hits you with a +0 spear.
The gnoll shaman hits you but does no damage.
You closely miss the gnoll.
The gnoll is moderately wounded.
The gnoll barely misses you. The gnoll shaman misses you.
You closely miss the gnoll.
The gnoll is moderately wounded.
The gnoll hits you with a +0 spear. The gnoll hits you but does no damage.
The gnoll shaman completely misses you.
You hit the gnoll.
The gnoll is poisoned.
The gnoll is heavily wounded.
The gnoll hits you with a +0 spear.
The gnoll shaman hits you with a +0 club.
You barely miss the gnoll.
The gnoll is severely wounded.
The gnoll barely misses you. x2; The gnoll shaman barely misses you.
You hit the gnoll shaman but do no damage.
The gnoll shaman is poisoned.
The gnoll shaman is moderately wounded.
The gnoll hits you but does no damage. The gnoll shaman closely misses you.
You closely miss the gnoll shaman.
The gnoll shaman is moderately wounded.
You kill the gnoll!
The gnoll shaman hits you but does no damage.
You hit the gnoll shaman but do no damage.
The gnoll shaman looks as sick as possible!
The gnoll shaman is moderately wounded.
The gnoll shaman hits you but does no damage.
You hit the gnoll shaman.
The gnoll shaman looks as sick as possible!
The gnoll shaman is heavily wounded.
The gnoll shaman hits you with a +0 club!
* * * LOW HITPOINT WARNING * * *
You closely miss the gnoll shaman.
The gnoll shaman is heavily wounded.
The gnoll shaman hits you with a +0 club.
You die...

#.....### .....####.## ##..####
... ###..# #..## #.# #...##
...## #.# #.### ....##
########## ##.####.# .....#
#.....>..###..#.).<# .....#
#..........#.....### ### .....#
#........#.......# ... .....#
#........@)......# #.# .....#
##########g...########..#
....## ##..w##...).)##..#
.).###########.g#########....##
......#........## ###..<##
.####........### #...#..# ##
#.........# .....####.#
####........g.# ##### #.#
..............# ##.#


You could see a gnoll shaman (extremely poisoned) and a worm.

Vanquished Creatures
  A hound (D:3)
  An orc wizard (D:3)
  5 gnolls
  2 adders (D:3)
  2 worms (D:2)
  A dart slug (D:2)
  An orc (D:3)
  4 endoplasms
  4 giant cockroaches
  6 hobgoblins
  2 jackals (D:3)
  10 kobolds
  4 quokkas
  5 ball pythons
  7 bats
  2 frilled lizards (D:1)
  3 goblins
  A rat (D:2)
61 creatures vanquished.

Notes
Turn   | Place    | Note
-------+----------+-------------------------------------------
     0 | D:1      | zishaf the Ghoul Hunter began the quest for the Orb.
     0 | D:1      | Reached XP level 1. HP: 17/17 MP: 0/0
   287 | D:1      | Reached XP level 2. HP: 25/25 MP: 1/1
   409 | D:1      | Reached skill level 4 in Bows
   571 | D:1      | Found a faded altar of an unknown god.
   806 | D:1      | Reached XP level 3. HP: 30/30 MP: 2/2
  1767 | D:3      | Reached skill level 1 in Armour
  1767 | D:3      | Reached XP level 4. HP: 38/38 MP: 3/3
  1957 | D:3      | Reached XP level 5. HP: 45/45 MP: 4/4
  2461 | D:3      | Reached skill level 5 in Bows
  2545 | D:3      | Slain by a gnoll shaman

Illustrated notes

Levels and vault maps discovered:
D:1:      dpeg_arrival_rooms_a, layout_basic, shapermc_ecumenical_altar_pompeii,
          serial_bayou_pond_d, minmay_splitting_lines, st_stairs_1, minivault_14
D:2:      layout_loops_ring
D:3:      layout_rooms

Skill      XL: |  1  2  3  4  5 |
---------------+----------------+-----
Dodging        | 2 |  2.0
Bows           | 4 5 |  5.0
Fighting       | 3 |  3.6
Armour         | 1 |  1.9
Stealth        | |  1.1

Action                   |  1- 3 |  4- 6 || total
-------------------------+-------+-------++-------
Melee: Dagger            |       |    15 ||    15
       Short sword       |       |     8 ||     8
 Fire: Shortbow          |   127 |    84 ||   211
  Use: Potion            |       |     2 ||     2
Armor: Leather armour    |     3 |       ||     3
       Ring mail         |    22 |    28 ||    50
Dodge: Dodged            |    28 |    56 ||    84

Table legend: (Time is in decaauts)
 A = Elapsed time spent in this place.
 B = Non-inter-level travel time spent in this place.
 C = Inter-level travel time spent in this place.
 D = Time resting spent in this place.
 E = Time spent auto-exploring this place.
 F = Levels seen in this place.
 G = Mean time per level.
                   A        B        C        D        E       F      G
               +--------+--------+--------+--------+--------+-----+--------+
         Total |   2628 |   2448 |    180 |    343 |   1561 |   3 |  876.0 |
       Dungeon |   2628 |   2448 |    180 |    343 |   1561 |   3 |  876.0 |
               +--------+--------+--------+--------+--------+-----+--------+

Top non-repeatable levels by time:
     D:2: 1239 daAuts
     D:1: 992 daAuts
     D:3: 396 daAuts
